 Dungeon Crawl Stone Soup version 0.18.1-5-g4a78601 (webtiles) character file.

177 LORDOFBUTT the Insei (level 5, -1/41 HPs)
             Began as a Demonspawn Monk on May 10, 2016.
             Slain by an orc
             ... wielding a cursed +0 trident
              (4 damage)
             ... on level 3 of the Dungeon.
             The game lasted 00:03:02 (2166 turns).

LORDOFBUTT the Insei (Demonspawn Monk)              Turns: 2166, Time: 00:03:03

Health: -1/41      AC: 11    Str: 11    XL:     5   Next: 31%
Magic:  5/5        EV: 13    Int: 12    God:
Gold:   146        SH:  2    Dex: 15    Spells: 0 memorised, 4 levels left

rFire  . . .     SeeInvis .       - Unarmed
rCold  . . .     Gourm    .     o - +0 leather armour
rNeg   . . .     Faith    .     (no shield)
rPois  .         Spirit   .     m - +0 helmet (curse)
rElec  .         Dismiss  .     (no cloak)
rCorr  .         Reflect  +     (no gloves)
SustAt .         Harm     .     (no boots)
MR     .....                    j - +2 amulet of reflection
Stlth  +++.......               i - +3 ring of protection
                                n - ring of stealth

@: not resistant to hostile enchantments, fairly stealthy
A: rough black scales 1
a: no special abilities


You were on level 3 of the Dungeon.
You were not hungry.

You visited 1 branch of the dungeon, and saw 3 of its levels.

You collected 146 gold pieces.

Inventory:

Armour
 a - a +0 robe
 m - a cursed +0 helmet (worn)
 o - a +0 leather armour (worn)
Jewellery
 c - a +3 ring of intelligence
 i - a +3 ring of protection (right hand)
 j - a +2 amulet of reflection (around neck)
 n - a ring of stealth (left hand)
Scrolls
 d - a scroll of remove curse {unknown}
 e - a scroll of amnesia {unknown}
 g - a scroll of random uselessness {unknown}
 h - 7 scrolls of identify {unknown}
Potions
 f - a potion of ambrosia {unknown}
 k - a potion of degeneration
 l - 3 potions of curing {unknown}
 q - a potion of brilliance {unknown}
Comestibles
 b - 2 bread rations
 p - a meat ration


   Skills:
 + Level 3.6 Fighting
 + Level 3.6 Dodging
 + Level 2.8 Stealth
 * Level 4.6 Unarmed Combat


You had 4 spell levels left.
You didn't know any spells.

Dungeon Overview and Level Annotations

Branches:
Dungeon (3/15)

Altars:


Innate Abilities, Weirdness & Mutations

You are partially covered in rough black scales (AC +4, Dex -1).


Message History

The orc barely misses you. x2; The orc misses you.
The orc priest barely misses you.
You hit the orc priest.
The orc priest is moderately wounded.
The orc barely misses you. The orc hits you but does no damage.
The orc hits you from afar with a trident.
You hit the orc priest.
The orc priest is heavily wounded.
The orc priest invokes the aid of Beogh against you.
Beogh smites you!
* * * LOW HITPOINT WARNING * * *
The orc closely misses you. The orc misses you. You block the orc's attack.
You hit the orc priest.
The orc priest is severely wounded.
The orc priest closely misses you. The orc misses you.
The orc barely misses you.
You barely miss the orc priest.
The orc priest is severely wounded.
The orc hits you from afar with a trident.
You die...

†....####### #. #......
.....# .# #...... .....#
#####.### ######.
##'####### #........
#... #.........
#........ #...
#.........######........
#..(
#.........[.............
####
#.........[.#.#.#o#.#.#.
#
#.........#.....@o......
#
##.#########.#.#o#o#.#..
# #.# #.).........# #
#.#########....###..###
# #.........'..$......#
# ###########....######
# ######


You could see an orc priest and 3 orcs.

Vanquished Creatures
  An ogre (D:3)
  5 adders
  An ooze (D:1)
  A worm (D:2)
  2 orcs (D:3)
  A ball python (D:3)
  5 bats
  4 giant cockroaches
  4 hobgoblins
  4 giant newts
  6 goblins
  5 kobolds
  6 rats
  A bush (D:3)
46 creatures vanquished.

Notes
Turn   | Place    | Note
--------------------------------------------------------------
     0 | D:1      | LORDOFBUTT the Demonspawn Monk began the quest for the Orb.
     0 | D:1      | Reached XP level 1. HP: 18/18 MP: 1/1
   538 | D:1      | Gained mutation: You are partially covered in rough black scales (AC +4, Dex -1). [demonic ancestry]
   538 | D:1      | Reached XP level 2. HP: 24/24 MP: 2/2
   620 | D:2      | Reached skill level 4 in Unarmed Combat
   692 | D:2      | Reached XP level 3. HP: 6/29 MP: 3/3
  1195 | D:3      | Noticed an ogre
  1219 | D:3      | Killed an ogre
  1219 | D:3      | Reached XP level 4. HP: 7/35 MP: 4/4
  1553 | D:3      | Reached XP level 5. HP: 41/41 MP: 5/5
  2164 | D:3      | HP: 2/41 [orc priest/divine providence (17)]
  2166 | D:3      | Slain by an orc

Skill      XL: |  1  2 |
---------------+-------+-----
Stealth        | 2 |  2.8
Unarmed Combat | 4 |  4.6
Dodging        | 3 |  3.6
Fighting       | |  3.6

Action                   |  1- 3 |  4- 6 || total
-------------------------+-------+-------++-------
Melee: Unarmed           |    96 |   286 ||   382
       Punch             |     1 |    14 ||    15
  Use: Potion            |     4 |       ||     4
 Stab: Sleeping          |     7 |     8 ||    15
  Eat: Royal jelly       |     1 |       ||     1
       Bread ration      |       |     1 ||     1
Armor: Robe              |    15 |    11 ||    26
       Leather armour    |       |    11 ||    11
Dodge: Dodged            |    57 |    46 ||   103
Block: Other             |       |     2 ||     2
